Gangsters vs Little Stars
Created - November 22, 2017 at 23:25
Goals
|
Gangsters |
2 |
2 |
2 |
6 |
Little Stars |
4 |
1 |
3 |
8 |
|
Shots
|
Gangsters |
18 |
7 |
12 |
37 |
Little Stars |
12 |
12 |
13 |
37 |
|
1st period
1. Gangsters , Richard Panik 10 (Chris Bourque 7, Bryan Young 10) at 2:40 (PP)
2. Gangsters , Stefan Noesen 5 (Brendan Woods 7, Morgan Ellis 3) at 3:40
3. Little Stars , Alex Chiasson 12 (Niklas Hjalmarsson 14) at 9:23
4. Little Stars , Dana Tyrell 14 (Shawn Matthias 14) at 16:09
5. Little Stars , Dana Tyrell 15 (Alex Chiasson 21, Phil Oreskovic 15) at 16:27 (PP)
6. Little Stars , Nail Yakupov 4 (Alexander Vasyunov 4) at 17:17
Penalties :
Alex Chiasson (Tex) for Roughing (Minor) at 2:23, Jesper Fast (Tex) for Interference (Minor) at 11:06, Chris Bourque (Bro) for Roughing (Minor) at 16:14
2nd period
7. Gangsters , Chris Bourque 14 (Richard Panik 6, Maxime Sauvé 8) at 1:33
8. Gangsters , Magnus Paajarvi-Svensson 10 (Tomas Hertl 8, Devante Smith-Pelly 7) at 7:35
9. Little Stars , Mathieu Perreault 4 (Jesse Joensuu 10, Tyson Barrie 7) at 10:21
Penalties :
Derrick Pouliot (Bro) for Slashing (Minor) at 12:30
3rd period
10. Little Stars , Alex Chiasson 13 (Phil Oreskovic 16, Shawn Matthias 15) at 8:33
11. Little Stars , Niklas Hjalmarsson 3 (Alex Chiasson 22, Dana Tyrell 7) at 8:53 (PP)
12. Gangsters , Patrik Nemeth 1 (Devante Smith-Pelly 8, Magnus Paajarvi-Svensson 11) at 9:32
13. Gangsters , Devante Smith-Pelly 5 (Magnus Paajarvi-Svensson 12, Jonas Brodin 4) at 16:28
14. Little Stars , Andrej Sustr 1 (Dana Tyrell 8, Jesse Joensuu 11) at 18:53 (SH)
Penalties :
Patrik Nemeth (Bro) for Tripping (Minor) at 3:48, Niklas Hjalmarsson (Tex) for Interference (Minor) at 6:36, Richard Panik (Bro) for High sticking (Minor) at 8:09, Devante Smith-Pelly (Bro) for Tripping (Minor) at 10:06, Sebastian Collberg (Bro) for Tripping (Minor) at 13:30, Scott Kosmachuck (Tex) for Cross-checking (Minor) at 18:03
Goalie Stats
Mike Condon (Bro), 24 saves from 28 shots - (0.857), L, 4-6-0, 42:43 minutes
Dustin Tokarski (Bro), 5 saves from 9 shots - (0.556), 17:17 minutes
Jhonas Enroth (Tex), 31 saves from 37 shots - (0.838), W, 11-3-1, 60:00 minutes
Players Stats for Gangsters
Player Name G A P +/- PIM S H SB GA TA FO MP PP MP PK MP
------------------------------------------------------------------------------------
Brendan Woods 0 1 1 0 0 1 1 2 1 0 2/2 9:48 0:00 0:00
Bryan Young 0 1 1 -1 0 2 2 1 1 1 0/0 29:21 3:48 6:06
Chris Bourque 1 1 2 -3 2 3 2 0 0 0 10/16 24:04 3:16 5:16
Derrick Pouliot 0 0 0 -1 2 1 2 0 0 0 0/0 13:20 0:00 1:28
Devante Smith-Pelly 1 2 3 2 2 3 0 0 0 2 0/0 15:40 2:29 0:00
Jonas Brodin 0 1 1 -1 0 2 0 1 1 0 0/0 12:21 0:00 0:00
Kevin Roy 0 0 0 0 0 0 0 0 1 0 4/8 7:04 0:00 0:00
Magnus Paajarvi-Svensson 1 2 3 2 0 2 4 1 0 0 0/2 16:38 2:29 0:53
Matt Delahey 0 0 0 1 0 3 1 1 0 0 0/0 18:18 1:57 2:21
Maxime Sauvé 0 1 1 -3 0 5 0 1 1 1 17/38 24:00 3:16 5:14
Morgan Ellis 0 1 1 1 0 0 1 1 1 0 0/0 18:18 1:57 2:21
Patrik Nemeth 1 0 1 -1 2 5 1 0 0 1 0/0 28:34 3:48 4:38
Phillip Danault 0 0 0 0 0 2 0 0 0 0 0/0 8:01 0:00 0:34
Richard Panik 1 1 2 -2 2 1 2 2 0 0 3/3 19:54 3:15 1:35
Sebastian Collberg 0 0 0 0 2 0 0 0 0 0 0/0 7:03 0:00 0:00
Seth Griffith 0 0 0 0 0 3 1 0 0 0 2/6 11:01 0:00 1:25
Stefan Noesen 1 0 1 0 0 2 0 1 2 0 0/0 9:30 0:00 0:00
Tomas Hertl 0 1 1 2 0 2 2 1 0 0 5/10 18:06 2:29 1:57
Players Stats for Little Stars
Player Name G A P +/- PIM S H SB GA TA FO MP PP MP PK MP
------------------------------------------------------------------------------------
Alex Chiasson 2 2 4 2 2 3 1 1 0 0 3/8 23:33 5:27 3:17
Alexander Vasyunov 0 1 1 1 0 1 1 0 0 0 0/1 11:16 0:01 0:26
Andrej Sustr 1 0 1 -2 0 1 1 1 0 1 0/0 20:42 3:15 2:46
Dana Tyrell 2 2 4 2 0 4 2 1 0 1 18/39 21:32 5:23 1:45
Daniel Catenacci 0 0 0 0 0 0 0 0 0 1 2/4 6:46 0:00 0:00
Daniel O'regan 0 0 0 1 0 3 0 0 0 1 5/10 9:39 0:00 0:00
Jesper Fast 0 0 0 -3 2 5 1 0 1 0 1/2 16:36 2:59 0:00
Jesse Joensuu 0 2 2 -2 0 2 0 0 0 0 1/2 18:07 2:59 1:45
Mathieu Perreault 1 0 1 -3 0 2 2 0 0 0 11/16 16:22 2:59 0:00
Nail Yakupov 1 0 1 1 0 4 1 0 0 0 0/1 10:35 0:01 0:00
Niklas Hjalmarsson 1 1 2 1 2 1 2 2 0 1 0/0 28:01 5:12 2:15
Phil Oreskovic 0 2 2 2 0 1 1 2 1 1 0/0 29:12 5:12 2:59
Robert Klinkhammer 0 0 0 0 0 1 0 0 0 0 1/2 8:22 0:00 0:43
Scott Kosmachuck 0 0 0 0 2 1 0 0 0 0 0/0 7:03 0:01 0:00
Shawn Matthias 0 2 2 2 0 3 3 0 1 0 0/0 23:51 5:27 3:34
Tyler Wotherspoon 0 0 0 1 0 3 1 0 0 1 0/0 10:50 0:00 0:44
Tyson Barrie 0 1 1 2 0 1 0 0 1 0 0/0 10:36 0:04 0:00
Yannick Weber 0 0 0 -2 0 1 1 0 1 1 0/0 20:42 3:15 2:46
3 Stars
1 - Dana Tyrell (Tex)
2 - Alex Chiasson (Tex)
3 - Magnus Paajarvi-Svensson (Bro)
Power Play
Gangsters - 1 on 4 Attempt(s) - 25.00%
Little Stars - 2 on 6 Attempt(s) - 33.33%
Penalty Kill
Gangsters - 4 on 6 Attempt(s) - 66.67%
- Score 0 goal in Penalty Kill
Little Stars - 3 on 4 Attempt(s) - 75.00%
- Score 1 goal in Penalty Kill
Team Stat
Gangsters - Hits : 19 - Faceoff Wins : 43 - Blocked Shots : 12 - Penalty Minutes : 12
Little Stars - Hits : 17 - Faceoff Wins : 42 - Blocked Shots : 7 - Penalty Minutes : 8
Official
Referees : O'Rourke Dan and Charron Francis
Linesman : Scott Cherrey and Mark Shewchyk
Game Notes
Mike Condon enters game at 17:17 of 1st period
18:53 of 3rd period - Little Stars goal is going for a video replay. After video review, Goal.
Finance
Level 1 -- Attendance: 1417 (70.85%) -- Ticket Income $49,595
Level 2 -- Attendance: 735 (73.50%) -- Ticket Income $14,700
Total Attendance: 2152 (71.73%)
Total Ticket Income: $64,295
Other Income: $3,215
Total Income: $67,510
Gangsters
5 vs 5 Forward
Center Left Wing Right Wing Time % Phy DF OF
1 Maxime Sauvé Chris Bourque Richard Panik 40 1 2 2
2 Tomas Hertl Magnus Paajarvi-Svensson Devante Smith-Pelly 30 1 2 2
3 Seth Griffith Brendan Woods Stefan Noesen 20 1 2 2
4 Kevin Roy Phillip Danault Sebastian Collberg 10 1 2 2
5 vs 5 Defense
Defense Defense Time % Phy DF OF
1 Bryan Young Patrik Nemeth 40 1 2 2
2 Matt Delahey Morgan Ellis 30 1 2 2
3 Jonas Brodin Derrick Pouliot 20 1 2 2
4 Bryan Young Patrik Nemeth 10 1 2 2
PowerPlay Forward
Center Left Wing Right Wing Time % Phy DF OF
1 Maxime Sauvé Chris Bourque Richard Panik 60 1 2 2
2 Tomas Hertl Magnus Paajarvi-Svensson Devante Smith-Pelly 40 1 2 2
PowerPlay Defense
Defense Defense Time % Phy DF OF
1 Bryan Young Patrik Nemeth 60 1 2 2
2 Matt Delahey Morgan Ellis 40 1 2 2
Penalty Kill 4 Players Forward
Center Wing Time % Phy DF OF
1 Chris Bourque Maxime Sauvé 60 1 2 2
2 Tomas Hertl Richard Panik 40 1 2 2
Penalty Kill 4 Players Defense
Defense Defense Time % Phy DF OF
1 Bryan Young Patrik Nemeth 60 1 2 2
2 Matt Delahey Morgan Ellis 40 1 2 2
Penalty Kill - 3 Players Forward
Forward Time % Phy DF OF
1 Chris Bourque 60 1 2 2
2 Maxime Sauvé 40 1 2 2
Penalty Kill - 3 Players Defense
Defense Defense Time % Phy DF OF
1 Bryan Young Patrik Nemeth 60 1 2 2
2 Matt Delahey Morgan Ellis 40 1 2 2
4 vs 4 Forward
Center Wing Time % Phy DF OF
1 Chris Bourque Maxime Sauvé 60 1 2 2
2 Tomas Hertl Richard Panik 40 1 2 2
4 vs 4 Defense
Defense Defense Time % Phy DF OF
1 Bryan Young Patrik Nemeth 60 1 2 2
2 Matt Delahey Morgan Ellis 40 1 2 2
Last Minutes Offensive
Center Left Wing Right Wing Defense Defense
Maxime Sauvé Chris Bourque Richard Panik Bryan Young Patrik Nemeth
Last Minutes Defensive
Center Left Wing Right Wing Defense Defense
Maxime Sauvé Chris Bourque Richard Panik Bryan Young Patrik Nemeth
Goaltenders
Starting : Dustin Tokarski
Backup : Mike Condon
Extra Forwards
Normal : Brendan Woods, Stefan Noesen, Seth Griffith - PP : Brendan Woods, Stefan Noesen - PK : Seth Griffith
Extra Defensemen
Normal : Jonas Brodin, Derrick Pouliot, Matt Delahey - PP : Jonas Brodin - PK : Derrick Pouliot, Matt Delahey
Penalty Shots
Chris Bourque, Maxime Sauvé, Tomas Hertl, Richard Panik, Magnus Paajarvi-Svensson
Scratches
Brett Ponich (Healthy), Michael Sdao (Healthy), Ryan Culkin (Healthy), Austen Brassard (Healthy), Dave Dziurzynski (Healthy)
Jordan Binnington (Healthy)
Little Stars
5 vs 5 Forward
Center Left Wing Right Wing Time % Phy DF OF
1 Dana Tyrell Shawn Matthias Alex Chiasson 40 1 2 2
2 Mathieu Perreault Jesse Joensuu Jesper Fast 30 1 2 2
3 Daniel O'regan Alexander Vasyunov Nail Yakupov 20 1 2 2
4 Daniel Catenacci Robert Klinkhammer Scott Kosmachuck 10 1 2 2
5 vs 5 Defense
Defense Defense Time % Phy DF OF
1 Niklas Hjalmarsson Phil Oreskovic 40 1 2 2
2 Andrej Sustr Yannick Weber 30 1 2 2
3 Tyson Barrie Tyler Wotherspoon 20 1 2 2
4 Niklas Hjalmarsson Phil Oreskovic 10 1 2 2
PowerPlay Forward
Center Left Wing Right Wing Time % Phy DF OF
1 Dana Tyrell Shawn Matthias Alex Chiasson 60 1 2 2
2 Mathieu Perreault Jesse Joensuu Jesper Fast 40 1 2 2
PowerPlay Defense
Defense Defense Time % Phy DF OF
1 Niklas Hjalmarsson Phil Oreskovic 60 1 2 2
2 Andrej Sustr Yannick Weber 40 1 2 2
Penalty Kill 4 Players Forward
Center Wing Time % Phy DF OF
1 Alex Chiasson Shawn Matthias 60 1 2 2
2 Jesse Joensuu Dana Tyrell 40 1 2 2
Penalty Kill 4 Players Defense
Defense Defense Time % Phy DF OF
1 Niklas Hjalmarsson Phil Oreskovic 60 1 2 2
2 Andrej Sustr Yannick Weber 40 1 2 2
Penalty Kill - 3 Players Forward
Forward Time % Phy DF OF
1 Alex Chiasson 60 1 2 2
2 Shawn Matthias 40 1 2 2
Penalty Kill - 3 Players Defense
Defense Defense Time % Phy DF OF
1 Niklas Hjalmarsson Phil Oreskovic 60 1 2 2
2 Andrej Sustr Yannick Weber 40 1 2 2
4 vs 4 Forward
Center Wing Time % Phy DF OF
1 Alex Chiasson Shawn Matthias 60 1 2 2
2 Jesse Joensuu Dana Tyrell 40 1 2 2
4 vs 4 Defense
Defense Defense Time % Phy DF OF
1 Niklas Hjalmarsson Phil Oreskovic 60 1 2 2
2 Andrej Sustr Yannick Weber 40 1 2 2
Last Minutes Offensive
Center Left Wing Right Wing Defense Defense
Dana Tyrell Shawn Matthias Alex Chiasson Niklas Hjalmarsson Phil Oreskovic
Last Minutes Defensive
Center Left Wing Right Wing Defense Defense
Dana Tyrell Shawn Matthias Alex Chiasson Niklas Hjalmarsson Phil Oreskovic
Goaltenders
Starting : Jhonas Enroth
Backup : Peter Delmas
Extra Forwards
Normal : Nail Yakupov, Alexander Vasyunov, Robert Klinkhammer - PP : Nail Yakupov, Alexander Vasyunov - PK : Robert Klinkhammer
Extra Defensemen
Normal : Tyson Barrie, Tyler Wotherspoon, Andrej Sustr - PP : Tyson Barrie - PK : Tyler Wotherspoon, Andrej Sustr
Penalty Shots
Alex Chiasson, Shawn Matthias, Jesse Joensuu, Dana Tyrell, Mathieu Perreault
Scratches
Michael Mersch (Healthy), Hugh Jessiman (Strained Left Knee Injury), Scott Harrington (Healthy), Reece Willcox (Healthy), Ville Pokka (Healthy)
Alexander Khokhlachev (Healthy), Anthony Camara (Healthy), Duncan Siemens (Healthy), Dillon Simpson (Healthy), Brian Flynn (Healthy)
Laurent Brossoit (Healthy), Anthony Stolarz (Healthy)
% Time on Ice - Gangsters
Lines # - Real PCT - Wanted PCT - Time Play
Normal Forward
1 - 35% - 40% - 15:48
2 - 29% - 30% - 13:12
3 - 20% - 20% - 9:18
4 - 16% - 10% - 7:04
Normal Defense
1 - 38% - 40% - 17:25
2 - 31% - 30% - 14:00
3 - 26% - 20% - 11:39
4 - 5% - 10% - 2:18
PP Forward
1 - 57% - 60% - 3:16
2 - 43% - 40% - 2:29
PP Defense
1 - 66% - 60% - 3:48
2 - 34% - 40% - 1:57
PK Forward
1 - 81% - 60% - 6:52
2 - 19% - 40% - 1:35
PK Defense
1 - 72% - 60% - 6:06
2 - 28% - 40% - 2:21
PK3 Forward
1 - 0% - 60%
2 - 0% - 40%
PK3 Defense
1 - 0% - 60%
2 - 0% - 40%
44 Forward
1 - 100% - 60% - 0:26
2 - 0% - 40% - 0:00
44 Defense
1 - 100% - 60% - 0:26
2 - 0% - 40% - 0:00
Last Minute Offensive - 0:00
Last Minute Defensive - 0:00
Total
Forward - 60:00
Defense - 60:00
|
% Time on Ice - Little Stars
Lines # - Real PCT - Wanted PCT - Time Play
Normal Forward
1 - 34% - 40% - 15:34
2 - 30% - 30% - 13:23
3 - 21% - 20% - 9:39
4 - 15% - 10% - 6:46
Normal Defense
1 - 38% - 40% - 17:12
2 - 32% - 30% - 14:41
3 - 22% - 20% - 10:06
4 - 7% - 10% - 3:23
PP Forward
1 - 65% - 60% - 5:28
2 - 35% - 40% - 2:59
PP Defense
1 - 62% - 60% - 5:12
2 - 38% - 40% - 3:15
PK Forward
1 - 70% - 60% - 4:00
2 - 30% - 40% - 1:45
PK Defense
1 - 52% - 60% - 2:59
2 - 48% - 40% - 2:46
PK3 Forward
1 - 0% - 60%
2 - 0% - 40%
PK3 Defense
1 - 0% - 60%
2 - 0% - 40%
44 Forward
1 - 100% - 60% - 0:26
2 - 0% - 40% - 0:00
44 Defense
1 - 100% - 60% - 0:26
2 - 0% - 40% - 0:00
Last Minute Offensive - 0:00
Last Minute Defensive - 0:00
Total
Forward - 60:00
Defense - 60:00
|
Play by Play
1st period
0:01 of 1st period - Dana Tyrell wins face-off versus Maxime Sauvé in neutral zone.
0:06 of 1st period - Slapshot by Alex Chiasson.
0:06 of 1st period - Deflect By Dana Tyrell.
0:06 of 1st period - Shot Hit the Post.
0:06 of 1st period - Puck is out of play.
0:07 of 1st period - Dana Tyrell wins face-off versus Maxime Sauvé in Gangsters zone.
0:51 of 1st period - Icing by Patrik Nemeth.
0:52 of 1st period - Tomas Hertl wins face-off versus Daniel O'regan in Gangsters zone.
1:01 of 1st period - Bryan Young is hit by Yannick Weber.
1:07 of 1st period - Slapshot by Patrik Nemeth.
1:07 of 1st period - Deflect By Yannick Weber.
1:07 of 1st period - Stopped by Jhonas Enroth with a rebound.
1:27 of 1st period - Wrist shot by Phillip Danault.
1:27 of 1st period - Shot Misses the Net.
2:10 of 1st period - Snap shot by Maxime Sauvé.
2:10 of 1st period - Stopped by Jhonas Enroth without a rebound.
2:11 of 1st period - Maxime Sauvé wins face-off versus Dana Tyrell in Little Stars zone.
2:23 of 1st period - Minor Penalty to Alex Chiasson for Roughing.
2:24 of 1st period - Robert Klinkhammer wins face-off versus Chris Bourque in Little Stars zone.
2:40 of 1st period - Wrist shot by Richard Panik.
2:40 of 1st period - Goal by Richard Panik - Gangsters : 1 - Little Stars : 0.
2:41 of 1st period - Maxime Sauvé wins face-off versus Mathieu Perreault in neutral zone.
2:46 of 1st period - Wrist shot by Richard Panik.
2:46 of 1st period - Shot Misses the Net.
3:20 of 1st period - Snap shot by Magnus Paajarvi-Svensson.
3:20 of 1st period - Shot Misses the Net.
3:40 of 1st period - Slapshot by Stefan Noesen.
3:40 of 1st period - Goal by Stefan Noesen - Gangsters : 2 - Little Stars : 0.
3:41 of 1st period - Maxime Sauvé wins face-off versus Dana Tyrell in neutral zone.
3:50 of 1st period - Snap shot by Shawn Matthias.
3:50 of 1st period - Stopped by Dustin Tokarski with a rebound.
3:52 of 1st period - Snap shot by Dana Tyrell.
3:52 of 1st period - Shot Misses the Net.
4:11 of 1st period - Slapshot by Yannick Weber.
4:11 of 1st period - Shot Misses the Net.
4:31 of 1st period - Off-side.
4:32 of 1st period - Daniel Catenacci wins face-off versus Maxime Sauvé in neutral zone.
4:59 of 1st period - Slapshot by Jesse Joensuu.
4:59 of 1st period - Shot Misses the Net.
5:01 of 1st period - Snap shot by Mathieu Perreault.
5:01 of 1st period - Shot Blocked by Richard Panik.
5:03 of 1st period - Snap shot by Jesper Fast.
5:03 of 1st period - Stopped by Dustin Tokarski with a rebound.
5:05 of 1st period - Snap shot by Tyler Wotherspoon.
5:05 of 1st period - Stopped by Dustin Tokarski with a rebound.
5:07 of 1st period - Snap shot by Tyler Wotherspoon.
5:07 of 1st period - Stopped by Dustin Tokarski with a rebound.
5:39 of 1st period - Icing by Nail Yakupov.
5:40 of 1st period - Tomas Hertl wins face-off versus Alexander Vasyunov in Little Stars zone.
5:50 of 1st period - Off-side.
5:51 of 1st period - Dana Tyrell wins face-off versus Kevin Roy in neutral zone.
6:17 of 1st period - Mathieu Perreault is hit by Chris Bourque and loses puck.
6:24 of 1st period - Slapshot by Chris Bourque.
6:24 of 1st period - Deflect By Maxime Sauvé.
6:24 of 1st period - Stopped by Jhonas Enroth without a rebound.
6:25 of 1st period - Tomas Hertl wins face-off versus Dana Tyrell in Little Stars zone.
7:06 of 1st period - Icing by Nail Yakupov.
7:07 of 1st period - Maxime Sauvé wins face-off versus Daniel O'regan in Little Stars zone.
8:22 of 1st period - Wrist shot by Kevin Roy.
8:22 of 1st period - Shot Blocked by Phil Oreskovic.
8:34 of 1st period - Wrist shot by Chris Bourque.
8:34 of 1st period - Shot Misses the Net.
8:36 of 1st period - Slapshot by Morgan Ellis.
8:36 of 1st period - Shot Misses the Net.
8:42 of 1st period - Wrist shot by Chris Bourque.
8:42 of 1st period - Stopped by Jhonas Enroth without a rebound.
8:43 of 1st period - Mathieu Perreault wins face-off versus Tomas Hertl in Little Stars zone.
8:50 of 1st period - Backhand shot by Tomas Hertl.
8:50 of 1st period - Deflect By Magnus Paajarvi-Svensson.
8:50 of 1st period - Shot Misses the Net.
8:50 of 1st period - Puck is out of play.
8:51 of 1st period - Mathieu Perreault wins face-off versus Tomas Hertl in Little Stars zone.
9:00 of 1st period - Snap shot by Magnus Paajarvi-Svensson.
9:00 of 1st period - Stopped by Jhonas Enroth with a rebound.
9:02 of 1st period - Wrist shot by Devante Smith-Pelly.
9:02 of 1st period - Stopped by Jhonas Enroth with a rebound.
9:04 of 1st period - Wrist shot by Bryan Young.
9:04 of 1st period - Stopped by Jhonas Enroth with a rebound.
9:06 of 1st period - Slapshot by Bryan Young.
9:06 of 1st period - Stopped by Jhonas Enroth without a rebound.
9:07 of 1st period - Dana Tyrell wins face-off versus Maxime Sauvé in Little Stars zone.
9:23 of 1st period - Slapshot by Alex Chiasson.
9:23 of 1st period - Goal by Alex Chiasson - Gangsters : 2 - Little Stars : 1.
9:24 of 1st period - Maxime Sauvé wins face-off versus Dana Tyrell in neutral zone.
9:50 of 1st period - Patrik Nemeth is hit by Mathieu Perreault and loses puck.
10:14 of 1st period - Off-side.
10:15 of 1st period - Daniel O'regan wins face-off versus Seth Griffith in neutral zone.
10:20 of 1st period - Slapshot by Niklas Hjalmarsson.
10:20 of 1st period - Shot Misses the Net.
10:22 of 1st period - Backhand shot by Alexander Vasyunov.
10:22 of 1st period - Shot Misses the Net.
10:26 of 1st period - Snap shot by Nail Yakupov.
10:26 of 1st period - Stopped by Dustin Tokarski without a rebound.
10:27 of 1st period - Maxime Sauvé wins face-off versus Dana Tyrell in Gangsters zone.
10:27 of 1st period - Maxime Sauvé is hit by Shawn Matthias.
10:32 of 1st period - Off-side.
10:33 of 1st period - Maxime Sauvé wins face-off versus Dana Tyrell in neutral zone.
11:00 of 1st period - Wrist shot by Seth Griffith.
11:00 of 1st period - Shot Misses the Net.
11:02 of 1st period - Slapshot by Jonas Brodin.
11:02 of 1st period - Deflect By Seth Griffith.
11:02 of 1st period - Shot Misses the Net.
11:02 of 1st period - Puck is out of play.
11:03 of 1st period - Mathieu Perreault wins face-off versus Seth Griffith in Little Stars zone.
11:03 of 1st period - Mathieu Perreault is hit by Seth Griffith.
11:06 of 1st period - Minor Penalty to Jesper Fast for Interference.
11:07 of 1st period - Maxime Sauvé wins face-off versus Alex Chiasson in Little Stars zone.
11:46 of 1st period - Off-side.
11:47 of 1st period - Jesse Joensuu wins face-off versus Maxime Sauvé in neutral zone.
13:06 of 1st period - Penalty to Jesper Fast is over, Jesper Fast is back on ice.
13:20 of 1st period - Wrist shot by Phillip Danault.
13:20 of 1st period - Shot Misses the Net.
13:22 of 1st period - Slapshot by Matt Delahey.
13:22 of 1st period - Shot Misses the Net.
13:24 of 1st period - Snap shot by Matt Delahey.
13:24 of 1st period - Deflect By Alexander Vasyunov.
13:24 of 1st period - Stopped by Jhonas Enroth with a rebound.
13:26 of 1st period - Slapshot by Sebastian Collberg.
13:26 of 1st period - Shot Blocked by Andrej Sustr.
13:28 of 1st period - Slapshot by Morgan Ellis.
13:28 of 1st period - Shot Misses the Net.
13:30 of 1st period - Backhand shot by Matt Delahey.
13:30 of 1st period - Stopped by Jhonas Enroth with a rebound.
14:22 of 1st period - Icing by Jesse Joensuu.
14:23 of 1st period - Kevin Roy wins face-off versus Nail Yakupov in Little Stars zone.
14:26 of 1st period - Snap shot by Kevin Roy.
14:26 of 1st period - Shot Misses the Net.
14:51 of 1st period - Slapshot by Matt Delahey.
14:51 of 1st period - Stopped by Jhonas Enroth without a rebound.
14:52 of 1st period - Alex Chiasson wins face-off versus Maxime Sauvé in Little Stars zone.
16:02 of 1st period - Icing by Dana Tyrell.
16:03 of 1st period - Dana Tyrell wins face-off versus Maxime Sauvé in Little Stars zone.
16:03 of 1st period - Dana Tyrell is hit by Richard Panik.
16:09 of 1st period - Snap shot by Shawn Matthias.
16:09 of 1st period - Deflect By Dana Tyrell.
16:09 of 1st period - Goal by Dana Tyrell - Gangsters : 2 - Little Stars : 2.
16:10 of 1st period - Mathieu Perreault wins face-off versus Maxime Sauvé in neutral zone.
16:14 of 1st period - Minor Penalty to Chris Bourque for Roughing.
16:15 of 1st period - Seth Griffith wins face-off versus Dana Tyrell in Gangsters zone.
16:27 of 1st period - Snap shot by Dana Tyrell.
16:27 of 1st period - Goal by Dana Tyrell - Gangsters : 2 - Little Stars : 3.
16:28 of 1st period - Mathieu Perreault wins face-off versus Maxime Sauvé in neutral zone.
16:31 of 1st period - Chris Bourque is hit by Phil Oreskovic and loses puck.
17:17 of 1st period - Wrist shot by Nail Yakupov.
17:17 of 1st period - Goal by Nail Yakupov - Gangsters : 2 - Little Stars : 4.
17:17 of 1st period - Mike Condon enters game.
17:18 of 1st period - Maxime Sauvé wins face-off versus Daniel O'regan in neutral zone.
17:25 of 1st period - Snap shot by Maxime Sauvé.
17:25 of 1st period - Deflect By Niklas Hjalmarsson.
17:25 of 1st period - Stopped by Jhonas Enroth with a rebound.
17:27 of 1st period - Slapshot by Richard Panik.
17:27 of 1st period - Shot Misses the Net.
17:29 of 1st period - Backhand shot by Chris Bourque.
17:29 of 1st period - Shot Misses the Net.
17:31 of 1st period - Snap shot by Bryan Young.
17:31 of 1st period - Deflect By Maxime Sauvé.
17:31 of 1st period - Stopped by Jhonas Enroth without a rebound.
17:32 of 1st period - Mathieu Perreault wins face-off versus Tomas Hertl in Little Stars zone.
17:39 of 1st period - Slapshot by Mathieu Perreault.
17:39 of 1st period - Shot Misses the Net.
17:41 of 1st period - Slapshot by Phil Oreskovic.
17:41 of 1st period - Stopped by Mike Condon with a rebound.
17:43 of 1st period - Snap shot by Jesper Fast.
17:43 of 1st period - Shot Misses the Net.
17:45 of 1st period - Snap shot by Jesse Joensuu.
17:45 of 1st period - Deflect By Jesper Fast.
17:45 of 1st period - Stopped by Mike Condon with a rebound.
17:57 of 1st period - Chris Bourque is hit by Shawn Matthias and loses puck.
18:20 of 1st period - Wrist shot by Seth Griffith.
18:20 of 1st period - Stopped by Jhonas Enroth with a rebound.
18:26 of 1st period - Snap shot by Seth Griffith.
18:26 of 1st period - Stopped by Jhonas Enroth with a rebound.
19:05 of 1st period - Slapshot by Jesper Fast.
19:05 of 1st period - Stopped by Mike Condon without a rebound.
19:06 of 1st period - Maxime Sauvé wins face-off versus Dana Tyrell in Gangsters zone.
19:33 of 1st period - Jesper Fast is hit by Tomas Hertl and loses puck.
19:53 of 1st period - Snap shot by Tomas Hertl.
19:53 of 1st period - Stopped by Jhonas Enroth without a rebound.
19:54 of 1st period - Daniel O'regan wins face-off versus Seth Griffith in Little Stars zone.
Goals for this period are 2 for Gangsters vs 4 for Little Stars.
Shots for this period are 18 for Gangsters vs 12 for Little Stars.
2nd period
0:01 of 2nd period - Maxime Sauvé wins face-off versus Dana Tyrell in neutral zone.
0:33 of 2nd period - Snap shot by Jesse Joensuu.
0:33 of 2nd period - Shot Misses the Net.
1:03 of 2nd period - Alexander Vasyunov is hit by Derrick Pouliot and loses puck.
1:33 of 2nd period - Slapshot by Chris Bourque.
1:33 of 2nd period - Goal by Chris Bourque - Gangsters : 3 - Little Stars : 4.
1:34 of 2nd period - Richard Panik wins face-off versus Dana Tyrell in neutral zone.
1:49 of 2nd period - Snap shot by Chris Bourque.
1:49 of 2nd period - Shot Misses the Net.
2:12 of 2nd period - Wrist shot by Alex Chiasson.
2:12 of 2nd period - Shot Misses the Net.
2:14 of 2nd period - Wrist shot by Dana Tyrell.
2:14 of 2nd period - Shot Misses the Net.
2:18 of 2nd period - Slapshot by Dana Tyrell.
2:18 of 2nd period - Deflect By Matt Delahey.
2:18 of 2nd period - Shot Hit the Post.
2:18 of 2nd period - Puck is out of play.
2:19 of 2nd period - Chris Bourque wins face-off versus Mathieu Perreault in Gangsters zone.
2:30 of 2nd period - Mathieu Perreault is hit by Richard Panik and loses puck.
2:52 of 2nd period - Snap shot by Jesse Joensuu.
2:52 of 2nd period - Stopped by Mike Condon without a rebound.
2:53 of 2nd period - Tomas Hertl wins face-off versus Daniel O'regan in Gangsters zone.
2:57 of 2nd period - Off-side.
2:58 of 2nd period - Daniel O'regan wins face-off versus Tomas Hertl in neutral zone.
3:09 of 2nd period - Wrist shot by Alexander Vasyunov.
3:09 of 2nd period - Shot Misses the Net.
3:23 of 2nd period - Richard Panik is hit by Alex Chiasson and loses puck.
3:43 of 2nd period - Wrist shot by Seth Griffith.
3:43 of 2nd period - Stopped by Jhonas Enroth without a rebound.
3:44 of 2nd period - Seth Griffith wins face-off versus Mathieu Perreault in Little Stars zone.
3:51 of 2nd period - Snap shot by Jesse Joensuu.
3:51 of 2nd period - Shot Misses the Net.
3:53 of 2nd period - Wrist shot by Jesper Fast.
3:53 of 2nd period - Shot Blocked by Brendan Woods.
3:55 of 2nd period - Slapshot by Phil Oreskovic.
3:55 of 2nd period - Shot Blocked by Stefan Noesen.
3:57 of 2nd period - Snap shot by Mathieu Perreault.
3:57 of 2nd period - Deflect By Jesper Fast.
3:57 of 2nd period - Stopped by Mike Condon without a rebound.
3:58 of 2nd period - Dana Tyrell wins face-off versus Maxime Sauvé in Gangsters zone.
5:16 of 2nd period - Slapshot by Yannick Weber.
5:16 of 2nd period - Shot Blocked by Richard Panik.
5:25 of 2nd period - Off-side.
5:26 of 2nd period - Dana Tyrell wins face-off versus Kevin Roy in neutral zone.
5:30 of 2nd period - Off-side.
5:31 of 2nd period - Dana Tyrell wins face-off versus Kevin Roy in neutral zone.
5:46 of 2nd period - Phil Oreskovic is hit by Patrik Nemeth and loses puck.
6:46 of 2nd period - Wrist shot by Alexander Vasyunov.
6:46 of 2nd period - Shot Blocked by Brendan Woods.
6:48 of 2nd period - Slapshot by Tyson Barrie.
6:48 of 2nd period - Deflect By Daniel O'regan.
6:48 of 2nd period - Stopped by Mike Condon with a rebound.
6:52 of 2nd period - Snap shot by Nail Yakupov.
6:52 of 2nd period - Shot Misses the Net.
6:54 of 2nd period - Slapshot by Tyler Wotherspoon.
6:54 of 2nd period - Deflect By Morgan Ellis.
6:54 of 2nd period - Stopped by Mike Condon without a rebound.
6:55 of 2nd period - Maxime Sauvé wins face-off versus Dana Tyrell in Gangsters zone.
6:59 of 2nd period - Off-side.
7:00 of 2nd period - Dana Tyrell wins face-off versus Maxime Sauvé in neutral zone.
7:35 of 2nd period - Slapshot by Magnus Paajarvi-Svensson.
7:35 of 2nd period - Goal by Magnus Paajarvi-Svensson - Gangsters : 4 - Little Stars : 4.
7:36 of 2nd period - Maxime Sauvé wins face-off versus Dana Tyrell in neutral zone.
7:43 of 2nd period - Bryan Young is hit by Dana Tyrell and loses puck.
7:56 of 2nd period - Richard Panik is hit by Shawn Matthias and loses puck.
8:15 of 2nd period - Richard Panik is hit by Niklas Hjalmarsson and loses puck.
8:43 of 2nd period - Off-side.
8:44 of 2nd period - Brendan Woods wins face-off versus Dana Tyrell in neutral zone.
9:15 of 2nd period - Off-side.
9:16 of 2nd period - Mathieu Perreault wins face-off versus Tomas Hertl in neutral zone.
9:35 of 2nd period - Magnus Paajarvi-Svensson is hit by Mathieu Perreault and loses puck.
9:52 of 2nd period - Snap shot by Jesse Joensuu.
9:52 of 2nd period - Stopped by Mike Condon with a rebound.
9:54 of 2nd period - Wrist shot by Jesper Fast.
9:54 of 2nd period - Stopped by Mike Condon with a rebound.
9:56 of 2nd period - Slapshot by Mathieu Perreault.
9:56 of 2nd period - Shot Misses the Net.
10:13 of 2nd period - Slapshot by Tyson Barrie.
10:13 of 2nd period - Shot Blocked by Tomas Hertl.
10:21 of 2nd period - Backhand shot by Mathieu Perreault.
10:21 of 2nd period - Goal by Mathieu Perreault - Gangsters : 4 - Little Stars : 5.
10:22 of 2nd period - Dana Tyrell wins face-off versus Chris Bourque in neutral zone.
10:47 of 2nd period - Niklas Hjalmarsson is hit by Bryan Young.
10:58 of 2nd period - Slapshot by Patrik Nemeth.
10:58 of 2nd period - Deflect By Niklas Hjalmarsson.
10:58 of 2nd period - Stopped by Jhonas Enroth without a rebound.
10:59 of 2nd period - Maxime Sauvé wins face-off versus Daniel Catenacci in Little Stars zone.
11:26 of 2nd period - Yannick Weber is hit by Magnus Paajarvi-Svensson and loses puck.
12:00 of 2nd period - Wrist shot by Nail Yakupov.
12:00 of 2nd period - Shot Blocked by Magnus Paajarvi-Svensson.
12:02 of 2nd period - Snap shot by Nail Yakupov.
12:02 of 2nd period - Stopped by Mike Condon with a rebound.
12:04 of 2nd period - Slapshot by Niklas Hjalmarsson.
12:04 of 2nd period - Deflect By Nail Yakupov.
12:04 of 2nd period - Stopped by Mike Condon with a rebound.
12:30 of 2nd period - Minor Penalty to Derrick Pouliot for Slashing.
12:31 of 2nd period - Dana Tyrell wins face-off versus Chris Bourque in Gangsters zone.
13:34 of 2nd period - Seth Griffith is hit by Jesper Fast and loses puck.
13:45 of 2nd period - Matt Delahey is hit by Dana Tyrell and loses puck.
14:30 of 2nd period - Penalty to Derrick Pouliot is over, Derrick Pouliot is back on ice.
15:04 of 2nd period - Tyler Wotherspoon is hit by Brendan Woods and loses puck.
15:09 of 2nd period - Slapshot by Brendan Woods.
15:09 of 2nd period - Deflect By Tomas Hertl.
15:09 of 2nd period - Shot Misses the Net.
15:09 of 2nd period - Puck is out of play.
15:10 of 2nd period - Daniel O'regan wins face-off versus Maxime Sauvé in Little Stars zone.
15:21 of 2nd period - Slapshot by Niklas Hjalmarsson.
15:21 of 2nd period - Shot Blocked by Morgan Ellis.
15:43 of 2nd period - Wrist shot by Seth Griffith.
15:43 of 2nd period - Shot Blocked by Dana Tyrell.
15:45 of 2nd period - Slapshot by Matt Delahey.
15:45 of 2nd period - Shot Misses the Net.
16:23 of 2nd period - Yannick Weber is hit by Chris Bourque and loses puck.
16:47 of 2nd period - Snap shot by Robert Klinkhammer.
16:47 of 2nd period - Deflect By Scott Kosmachuck.
16:47 of 2nd period - Stopped by Mike Condon without a rebound.
16:48 of 2nd period - Daniel Catenacci wins face-off versus Kevin Roy in Gangsters zone.
16:49 of 2nd period - Snap shot by Robert Klinkhammer.
16:49 of 2nd period - Shot Misses the Net.
16:59 of 2nd period - Snap shot by Tyson Barrie.
16:59 of 2nd period - Stopped by Mike Condon without a rebound.
17:00 of 2nd period - Maxime Sauvé wins face-off versus Dana Tyrell in Gangsters zone.
17:14 of 2nd period - Off-side.
17:15 of 2nd period - Tomas Hertl wins face-off versus Mathieu Perreault in neutral zone.
18:14 of 2nd period - Snap shot by Robert Klinkhammer.
18:14 of 2nd period - Stopped by Mike Condon with a rebound.
19:29 of 2nd period - Icing by Derrick Pouliot.
19:30 of 2nd period - Brendan Woods wins face-off versus Daniel Catenacci in Gangsters zone.
19:39 of 2nd period - Wrist shot by Brendan Woods.
19:39 of 2nd period - Shot Misses the Net.
19:41 of 2nd period - Wrist shot by Brendan Woods.
19:41 of 2nd period - Stopped by Jhonas Enroth with a rebound.
19:43 of 2nd period - Slapshot by Jonas Brodin.
19:43 of 2nd period - Shot Misses the Net.
19:45 of 2nd period - Snap shot by Stefan Noesen.
19:45 of 2nd period - Shot Hit the Post.
19:47 of 2nd period - Slapshot by Derrick Pouliot.
19:47 of 2nd period - Stopped by Jhonas Enroth with a rebound.
19:49 of 2nd period - Backhand shot by Jonas Brodin.
19:49 of 2nd period - Stopped by Jhonas Enroth with a rebound.
19:57 of 2nd period - Derrick Pouliot is hit by Niklas Hjalmarsson.
Goals for this period are 2 for Gangsters vs 1 for Little Stars.
Shots for this period are 7 for Gangsters vs 12 for Little Stars.
3rd period
0:01 of 3rd period - Dana Tyrell wins face-off versus Maxime Sauvé in neutral zone.
0:26 of 3rd period - Jesper Fast is hit by Magnus Paajarvi-Svensson and loses puck.
1:25 of 3rd period - Slapshot by Stefan Noesen.
1:25 of 3rd period - Shot Misses the Net.
1:27 of 3rd period - Wrist shot by Stefan Noesen.
1:27 of 3rd period - Stopped by Jhonas Enroth without a rebound.
1:28 of 3rd period - Maxime Sauvé wins face-off versus Jesper Fast in Little Stars zone.
1:58 of 3rd period - Snap shot by Tomas Hertl.
1:58 of 3rd period - Shot Misses the Net.
2:00 of 3rd period - Slapshot by Devante Smith-Pelly.
2:00 of 3rd period - Stopped by Jhonas Enroth with a rebound.
2:02 of 3rd period - Slapshot by Jonas Brodin.
2:02 of 3rd period - Shot Misses the Net.
2:04 of 3rd period - Slapshot by Jonas Brodin.
2:04 of 3rd period - Stopped by Jhonas Enroth without a rebound.
2:05 of 3rd period - Dana Tyrell wins face-off versus Maxime Sauvé in Little Stars zone.
2:34 of 3rd period - Icing by Patrik Nemeth.
2:35 of 3rd period - Mathieu Perreault wins face-off versus Magnus Paajarvi-Svensson in Gangsters zone.
2:51 of 3rd period - Icing by Mathieu Perreault.
2:52 of 3rd period - Mathieu Perreault wins face-off versus Maxime Sauvé in Little Stars zone.
3:17 of 3rd period - Dana Tyrell is hit by Magnus Paajarvi-Svensson and loses puck.
3:22 of 3rd period - Snap shot by Tomas Hertl.
3:22 of 3rd period - Stopped by Jhonas Enroth with a rebound.
3:36 of 3rd period - Brendan Woods is hit by Tyler Wotherspoon and loses puck.
3:41 of 3rd period - Wrist shot by Daniel O'regan.
3:41 of 3rd period - Stopped by Mike Condon with a rebound.
3:43 of 3rd period - Slapshot by Daniel O'regan.
3:43 of 3rd period - Stopped by Mike Condon without a rebound.
3:44 of 3rd period - Mathieu Perreault wins face-off versus Maxime Sauvé in Gangsters zone.
3:48 of 3rd period - Minor Penalty to Patrik Nemeth for Tripping.
3:49 of 3rd period - Chris Bourque wins face-off versus Dana Tyrell in Gangsters zone.
4:00 of 3rd period - Off-side.
4:01 of 3rd period - Chris Bourque wins face-off versus Dana Tyrell in neutral zone.
4:17 of 3rd period - Wrist shot by Shawn Matthias.
4:17 of 3rd period - Stopped by Mike Condon without a rebound.
4:18 of 3rd period - Chris Bourque wins face-off versus Dana Tyrell in Gangsters zone.
5:44 of 3rd period - Alex Chiasson is hit by Derrick Pouliot and loses puck.
5:48 of 3rd period - Penalty to Patrik Nemeth is over, Patrik Nemeth is back on ice.
5:57 of 3rd period - Slapshot by Patrik Nemeth.
5:57 of 3rd period - Shot Blocked by Phil Oreskovic.
5:59 of 3rd period - Snap shot by Phillip Danault.
5:59 of 3rd period - Stopped by Jhonas Enroth without a rebound.
6:00 of 3rd period - Kevin Roy wins face-off versus Daniel O'regan in Little Stars zone.
6:00 of 3rd period - Patrik Nemeth is hit by Nail Yakupov and loses puck.
6:05 of 3rd period - Snap shot by Phillip Danault.
6:05 of 3rd period - Stopped by Jhonas Enroth with a rebound.
6:07 of 3rd period - Snap shot by Sebastian Collberg.
6:07 of 3rd period - Shot Misses the Net.
6:15 of 3rd period - Snap shot by Alexander Vasyunov.
6:15 of 3rd period - Stopped by Mike Condon with a rebound.
6:31 of 3rd period - Slapshot by Patrik Nemeth.
6:31 of 3rd period - Stopped by Jhonas Enroth with a rebound.
6:33 of 3rd period - Snap shot by Patrik Nemeth.
6:33 of 3rd period - Stopped by Jhonas Enroth without a rebound.
6:34 of 3rd period - Jesper Fast wins face-off versus Maxime Sauvé in Little Stars zone.
6:36 of 3rd period - Minor Penalty to Niklas Hjalmarsson for Interference.
6:37 of 3rd period - Richard Panik wins face-off versus Alex Chiasson in Little Stars zone.
7:36 of 3rd period - Icing by Maxime Sauvé.
7:37 of 3rd period - Richard Panik wins face-off versus Jesse Joensuu in Gangsters zone.
7:46 of 3rd period - Andrej Sustr is hit by Magnus Paajarvi-Svensson and loses puck.
8:09 of 3rd period - Minor Penalty to Richard Panik for High sticking.
8:10 of 3rd period - Chris Bourque wins face-off versus Alex Chiasson in Gangsters zone.
8:19 of 3rd period - Wrist shot by Chris Bourque.
8:19 of 3rd period - Stopped by Jhonas Enroth without a rebound.
8:20 of 3rd period - Chris Bourque wins face-off versus Alex Chiasson in Little Stars zone.
8:29 of 3rd period - Snap shot by Shawn Matthias.
8:29 of 3rd period - Shot Blocked by Bryan Young.
8:31 of 3rd period - Wrist shot by Phil Oreskovic.
8:31 of 3rd period - Shot Blocked by Maxime Sauvé.
8:33 of 3rd period - Slapshot by Phil Oreskovic.
8:33 of 3rd period - Deflect By Alex Chiasson.
8:33 of 3rd period - Goal by Alex Chiasson - Gangsters : 4 - Little Stars : 6.
8:34 of 3rd period - Chris Bourque wins face-off versus Alex Chiasson in neutral zone.
8:36 of 3rd period - Penalty to Niklas Hjalmarsson is over, Niklas Hjalmarsson is back on ice.
8:39 of 3rd period - Wrist shot by Chris Bourque.
8:39 of 3rd period - Deflect By Maxime Sauvé.
8:39 of 3rd period - Shot Blocked by Alex Chiasson.
8:39 of 3rd period - Puck is out of play.
8:40 of 3rd period - Dana Tyrell wins face-off versus Chris Bourque in Little Stars zone.
8:51 of 3rd period - Slapshot by Alex Chiasson.
8:51 of 3rd period - Stopped by Mike Condon with a rebound.
8:53 of 3rd period - Slapshot by Niklas Hjalmarsson.
8:53 of 3rd period - Goal by Niklas Hjalmarsson - Gangsters : 4 - Little Stars : 7.
8:54 of 3rd period - Maxime Sauvé wins face-off versus Dana Tyrell in neutral zone.
8:57 of 3rd period - Slapshot by Bryan Young.
8:57 of 3rd period - Shot Misses the Net.
9:16 of 3rd period - Icing by Bryan Young.
9:17 of 3rd period - Mathieu Perreault wins face-off versus Magnus Paajarvi-Svensson in Gangsters zone.
9:20 of 3rd period - Snap shot by Jesper Fast.
9:20 of 3rd period - Deflect By Mathieu Perreault.
9:20 of 3rd period - Stopped by Mike Condon with a rebound.
9:27 of 3rd period - Patrik Nemeth is hit by Andrej Sustr and loses puck.
9:30 of 3rd period - Snap shot by Devante Smith-Pelly.
9:30 of 3rd period - Shot Misses the Net.
9:32 of 3rd period - Slapshot by Patrik Nemeth.
9:32 of 3rd period - Goal by Patrik Nemeth - Gangsters : 5 - Little Stars : 7.
9:33 of 3rd period - Dana Tyrell wins face-off versus Maxime Sauvé in neutral zone.
10:06 of 3rd period - Minor Penalty to Devante Smith-Pelly for Tripping.
10:07 of 3rd period - Dana Tyrell wins face-off versus Chris Bourque in Gangsters zone.
10:12 of 3rd period - Snap shot by Dana Tyrell.
10:12 of 3rd period - Stopped by Mike Condon without a rebound.
10:13 of 3rd period - Chris Bourque wins face-off versus Dana Tyrell in Gangsters zone.
10:22 of 3rd period - Wrist shot by Shawn Matthias.
10:22 of 3rd period - Stopped by Mike Condon without a rebound.
10:23 of 3rd period - Dana Tyrell wins face-off versus Maxime Sauvé in Gangsters zone.
10:36 of 3rd period - Wrist shot by Shawn Matthias.
10:36 of 3rd period - Shot Misses the Net.
11:21 of 3rd period - Alex Chiasson is hit by Morgan Ellis and loses puck.
12:06 of 3rd period - Penalty to Devante Smith-Pelly is over, Devante Smith-Pelly is back on ice.
12:38 of 3rd period - Yannick Weber is hit by Matt Delahey and loses puck.
13:08 of 3rd period - Off-side.
13:09 of 3rd period - Kevin Roy wins face-off versus Mathieu Perreault in neutral zone.
13:12 of 3rd period - Slapshot by Matt Delahey.
13:12 of 3rd period - Shot Blocked by Niklas Hjalmarsson.
13:20 of 3rd period - Slapshot by Mathieu Perreault.
13:20 of 3rd period - Shot Misses the Net.
13:22 of 3rd period - Backhand shot by Niklas Hjalmarsson.
13:22 of 3rd period - Shot Misses the Net.
13:24 of 3rd period - Slapshot by Niklas Hjalmarsson.
13:24 of 3rd period - Shot Blocked by Matt Delahey.
13:30 of 3rd period - Minor Penalty to Sebastian Collberg for Tripping.
13:31 of 3rd period - Chris Bourque wins face-off versus Dana Tyrell in Gangsters zone.
13:38 of 3rd period - Snap shot by Maxime Sauvé.
13:38 of 3rd period - Shot Blocked by Niklas Hjalmarsson.
13:42 of 3rd period - Wrist shot by Maxime Sauvé.
13:42 of 3rd period - Shot Misses the Net.
13:44 of 3rd period - Snap shot by Maxime Sauvé.
13:44 of 3rd period - Stopped by Jhonas Enroth without a rebound.
13:45 of 3rd period - Chris Bourque wins face-off versus Dana Tyrell in Little Stars zone.
13:52 of 3rd period - Wrist shot by Maxime Sauvé.
13:52 of 3rd period - Deflect By Chris Bourque.
13:52 of 3rd period - Shot Misses the Net.
13:52 of 3rd period - Puck is out of play.
13:53 of 3rd period - Dana Tyrell wins face-off versus Chris Bourque in Little Stars zone.
15:30 of 3rd period - Penalty to Sebastian Collberg is over, Sebastian Collberg is back on ice.
16:21 of 3rd period - Mathieu Perreault is hit by Tomas Hertl and loses puck.
16:28 of 3rd period - Wrist shot by Devante Smith-Pelly.
16:28 of 3rd period - Goal by Devante Smith-Pelly - Gangsters : 6 - Little Stars : 7.
16:29 of 3rd period - Daniel O'regan wins face-off versus Seth Griffith in neutral zone.
16:34 of 3rd period - Stefan Noesen is hit by Alexander Vasyunov and loses puck.
17:06 of 3rd period - Wrist shot by Shawn Matthias.
17:06 of 3rd period - Shot Misses the Net.
17:40 of 3rd period - Snap shot by Yannick Weber.
17:40 of 3rd period - Shot Blocked by Jonas Brodin.
17:42 of 3rd period - Snap shot by Yannick Weber.
17:42 of 3rd period - Stopped by Mike Condon without a rebound.
17:43 of 3rd period - Kevin Roy wins face-off versus Robert Klinkhammer in Gangsters zone.
18:03 of 3rd period - Minor Penalty to Scott Kosmachuck for Cross-checking.
18:04 of 3rd period - Alex Chiasson wins face-off versus Maxime Sauvé in Little Stars zone.
18:51 of 3rd period - Snap shot by Dana Tyrell.
18:51 of 3rd period - Stopped by Mike Condon with a rebound.
18:53 of 3rd period - Slapshot by Andrej Sustr.
18:53 of 3rd period - Little Stars goal is going for a video replay.
18:53 of 3rd period - The goal is good.
18:53 of 3rd period - Goal by Andrej Sustr - Gangsters : 6 - Little Stars : 8.
18:54 of 3rd period - Alex Chiasson wins face-off versus Maxime Sauvé in neutral zone.
19:04 of 3rd period - Slapshot by Matt Delahey.
19:04 of 3rd period - Shot Misses the Net.
19:50 of 3rd period - Jesse Joensuu is hit by Bryan Young and loses puck.
Goals for this period are 2 for Gangsters vs 3 for Little Stars.
Shots for this period are 12 for Gangsters vs 13 for Little Stars.
Back to the Top